 Dungeon Crawl Stone Soup version 0.19-a0-1008-g4c63d25 (webtiles) character file.

71 mistymad the Conjurer (level 4, -2/24 HPs)
             Began as a Deep Elf Conjurer on July 22, 2016.
             Slain by a worker ant (7 damage)
             ... on level 4 of the Dungeon.
             The game lasted 00:04:50 (1859 turns).

mistymad the Conjurer (Deep Elf Conjurer)           Turns: 1859, Time: 00:04:51

Health: -2/24      AC:  3    Str: 10    XL:     4   Next: 5%
Magic:  12/12      EV: 13    Int: 21    God:
Gold:   146        SH:  0    Dex: 15    Spells: 2 memorised, 8 levels left

rFire  . . .     SeeInvis .     j - +1 spear (pierce)
rCold  . . .     Gourm    .     a - +0 robe
rNeg   . . .     Faith    .     (no shield)
rPois  .         Spirit   .     (no helmet)
rElec  .         Dismiss  .     (no cloak)
rCorr  .         Reflect  .     (no gloves)
SustAt .         Harm     .     m - +0 pair of boots
MR     .....                    (no amulet)
Stlth  +.........               (no ring)
                                (no ring)

@: confused, mighty, not resistant to hostile enchantments, very unstealthy
A: no striking features
a: no special abilities


You were on level 4 of the Dungeon.
You were hungry.

You visited 1 branch of the dungeon, and saw 4 of its levels.

You collected 146 gold pieces.

Inventory:

Hand Weapons
 j - a +1 spear of piercing (weapon)
Armour
 a - a +0 robe (worn)
 m - a +0 pair of boots (worn)
Jewellery
 h - an uncursed ring of fire {unknown}
 n - an uncursed ring of magical power {unknown}
Scrolls
 k - a scroll of blinking {unknown}
 l - 2 scrolls of teleportation {unknown}
 q - a scroll of remove curse {unknown}
 s - 4 scrolls of identify {unknown}
 t - a scroll of fear {unknown}
Potions
 g - a potion of cancellation {unknown}
 o - a potion of mutation {unknown}
 p - a potion of curing {unknown}
 r - a potion of brilliance {unknown}
Books
 b - a book of Conjurations

   Spells                             Type                      Level
   a - Magic Dart                     Conjuration                  1
   b - Searing Ray                    Conjuration                  2
   c - Dazzling Spray                 Conjuration/Hexes            3
   d - Fulminant Prism                Conjuration/Hexes            4
   e - Iskenderun's Mystic Blast      Conjuration                  4
   f - Iskenderun's Battlesphere      Conjuration/Charms           5
Comestibles
 c - 2 bread rations
 d - a meat ration
 i - a beef jerky
 u - 2 slices of pizza


   Skills:
 - Level 2.4 Dodging
 - Level 2.4 Stealth
 + Level 4.4 Spellcasting
 + Level 5.5 Conjurations


You had 8 spell levels left.
You knew the following spells:

 Your Spells              Type           Power        Failure   Level  Hunger
a - Magic Dart            Conj           ####         1%          1    None
b - Searing Ray           Conj           ####..       1%          2    #......


Dungeon Overview and Level Annotations

Branches:
Dungeon (4/15)
 Temple: D:4-7

Altars:


Message History

* * * LOW HITPOINT WARNING * * *
You climb downwards.
A worker ant comes into view.
There is a stone staircase leading up here.
You take 1 damage, and have 6/24 hp.
The worker ant twitches its antennae in your direction.
In your confused state, you trip and fall back down the stairs.
* * * LOW HITPOINT WARNING * * *
The worker ant barely misses you.
Unknown command.
You're too confused to cast spells.
You're too confused!
Unknown command.
You hit the worker ant.
The worker ant is lightly wounded.
The worker ant bites you.
* * * LOW HITPOINT WARNING * * *
You take 1 damage, and have 5/24 hp.
The worker ant bites you!
You die...

# ### .## ..
## ....
###.##. #..
...... #..
...##.#
#a#.# #<@.#
#........#
#####..#...#
##....##
##...# .#.#
# .


You could see a worker ant.

Vanquished Creatures
  An adder (D:3)
  4 worms
  A giant gecko (D:3)
  An orc (D:3)
  4 bats
  4 giant cockroaches
  5 goblins
  8 hobgoblins
  3 jackals
  A quokka (D:3)
  A ball python (D:1)
  2 giant newts (D:2)
  3 kobolds
  8 rats
46 creatures vanquished.

Vanquished Creatures (others)
  An orc (D:3)
  A goblin (D:3)
2 creatures vanquished.

Grand Total: 48 creatures vanquished

Notes
Turn   | Place    | Note
-------+----------+-------------------------------------------
     0 | D:1      | mistymad the Deep Elf Conjurer began the quest for the Orb.
     0 | D:1      | Reached XP level 1. HP: 10/10 MP: 6/6
   459 | D:1      | Reached XP level 2. HP: 15/15 MP: 6/8
   653 | D:2      | Learned a level 2 spell: Searing Ray
   666 | D:2      | Found a faded altar of an unknown god.
   807 | D:2      | Reached skill level 5 in Conjurations
   938 | D:2      | Reached XP level 3. HP: 19/19 MP: 5/10
  1820 | D:3      | Reached XP level 4. HP: 24/24 MP: 6/12
  1842 | D:3      | HP: 1/24 [giant gecko (2)]
  1859 | D:4      | Slain by a worker ant

Vault maps used:
D:1:      saegor_arrival_simple_a
D:2:      ecumenical_altar_2, first_bread
D:3:      wad_lake_hut, lemuel_old_faithful
D:4:      minivault_4, hex_intersection, kennysheep_boxes, uniq_blork_the_orc

Skill      XL: |  1  2  3 |
---------------+----------+-----
Conjurations   | 5 |  5.5
Spellcasting   | 4 |  4.4
Dodging        | |  2.4
Stealth        | |  2.4

Action                   |  1- 3 |  4- 6 || total
-------------------------+-------+-------++-------
Melee: Spear             |     3 |     4 ||     7
 Cast: Magic Dart        |    94 |     6 ||   100
  Use: Potion            |       |     2 ||     2
  Eat: Chunk             |     2 |       ||     2
Armor: Robe              |     1 |     1 ||     2
Dodge: Dodged            |     4 |     8 ||    12
